 Dungeon Crawl Stone Soup version 0.29-a0-753-gb7bb9d756e (webtiles) character file.

Game seed: 18160521621885350401

9 Nattfarinn the Stinger (level 2, -1/20 HPs)
             Began as a Gnoll Venom Mage on June 30, 2022.
             Slain by a giant cockroach (2 damage)
             ... on level 1 of the Dungeon.
             The game lasted 00:00:34 (325 turns).

Nattfarinn the Stinger (Gnoll Venom Mage)            Turns: 325, Time: 00:00:34

Health: -1/20      AC:  2    Str:  7    XL:     2   Next: 12%
Magic:  1/7        EV: 13    Int: 14    God:
Gold:   9          SH:  0    Dex: 12    Spells: 9/10 levels left

rFire   . . .      SeeInvis .   (no weapon)
rCold   . . .      Faith    .   (no shield)
rNeg    . . .      Spirit   .   a - +0 robe
rPois   .          Reflect  .   (no helmet)
rElec   .          Harm     .   (no cloak)
rCorr   .          Rampage  .   (no gloves)
Will    .....                   (no boots)
Stlth   ++........              (no amulet)
HPRegen 0.06/turn               (no ring)
MPRegen 0.10/turn               (no ring)

@: no status effects
A: fangs 1, strong nose, distributed training
a: no special abilities


You were on level 1 of the Dungeon.
You visited 1 branch of the dungeon, and saw 1 of its levels.

You collected 9 gold pieces.

Inventory:

Armour
 a - a +0 robe (worn)
Potions
 b - a potion of magic


   Skills:
 + Level 0.3 Fighting
 + Level 0.3 Short Blades
 + Level 0.3 Long Blades
 + Level 0.3 Axes
 + Level 0.3 Maces & Flails
 + Level 0.3 Polearms
 + Level 0.3 Staves
 + Level 0.3 Ranged Weapons
 + Level 0.3 Throwing
 + Level 0.3 Armour
 + Level 4.4 Dodging
 + Level 4.0 Stealth
 + Level 0.3 Shields
 + Level 0.3 Unarmed Combat
 + Level 4.9 Spellcasting
 + Level 0.2 Conjurations
 + Level 0.2 Hexes
 + Level 0.2 Summonings
 + Level 0.2 Necromancy
 + Level 0.2 Translocations
 + Level 2.0 Transmutations
 + Level 0.2 Fire Magic
 + Level 0.2 Ice Magic
 + Level 0.2 Air Magic
 + Level 0.2 Earth Magic
 + Level 5.3 Poison Magic
 + Level 0.4 Invocations
 + Level 0.3 Evocations


You had 9 spell levels left.
You knew the following spells:

 Your Spells              Type           Power      Damage    Failure   Level
a - Sting                 Tmut/Pois      52%        1d5       3%          1

Your spell library contained the following spells:

 Spells                   Type           Power      Damage    Failure   Level
 Poisonous Vapours        Pois/Air       22%        N/A       9%          2
 Olgreb's Toxic Radiance  Pois           18%        N/A       19%         4
 Mephitic Cloud           Conj/Pois/Air  8%         N/A       24%         3


Dungeon Overview and Level Annotations

Branches:
Dungeon (1/15)

Altars:


Innate Abilities, Weirdness & Mutations

You have very sharp teeth.
Your uncanny sense of smell can sniff out nearby items.
Your experience applies equally to all skills.


Message History

The endoplasm is heavily wounded.
The giant cockroach closely misses you. The frilled lizard barely misses you.
The frilled lizard bites you but does no damage.
The endoplasm completely misses you.
Your magical contamination has completely faded away.
You hit the endoplasm but do no damage.
The endoplasm is heavily wounded.
The giant cockroach bites you.
* * * LOW HITPOINT WARNING * * *
The frilled lizard misses you. The frilled lizard closely misses you.
The endoplasm hits you but does no damage.
You hit the endoplasm.
You punch the endoplasm, but do no damage.
The endoplasm is severely wounded.
The giant cockroach completely misses you.
The frilled lizard bites you.
* * * LOW HITPOINT WARNING * * *
The giant cockroach barely misses you. The endoplasm hits you.
* * * LOW HITPOINT WARNING * * *
The frilled lizard closely misses you.
You hit the endoplasm.
You kill the endoplasm!
The bat misses you.
The giant cockroach bites you but does no damage.
The frilled lizard closely misses you. The frilled lizard barely misses you.
The bat hits you but does no damage. The giant cockroach misses you.
The frilled lizard barely misses you. x2
The bat closely misses you. The giant cockroach closely misses you.
The frilled lizard bites you.
* * * LOW HITPOINT WARNING * * *
The frilled lizard attacks as you move away!
The frilled lizard barely misses you. The bat barely misses you.
Casting: Sting (safe; 3% risk of failure)
Confirm with . or Enter, or press ? or * to list all spells.
Aiming: Sting (safe; 3% risk of failure)
Press: ? - help, Shift-Dir - straight line, f - giant cockroach
Aim: a giant cockroach (71% to hit)
The sting hits the giant cockroach but does no damage.
The giant cockroach is poisoned.
The giant cockroach bites you.
You die...

#...#####...####...##
#... #...# #...## #...
#.รท.####.....
#...#####...........<
####....................
........$........#######
.......l.#####...# #
..####.Bl# ...# # #.@.#
...# # #...# ...# #
...b... ... ...........
##########.## ... ###


You could see a giant cockroach (poisoned), a bat and 2 frilled lizards.

Vanquished Creatures
  A dart slug (D:1)
  2 endoplasms (D:1)
  A goblin (D:1)
  A quokka (D:1)
  A rat (D:1)
6 creatures vanquished.

Notes
Turn   | Place    | Note
-------+----------+-------------------------------------------
     0 | D:1      | Nattfarinn the Gnoll Venom Mage began the quest for the
                  | Orb.
     0 | D:1      | Reached XP level 1. HP: 13/13 MP: 6/6
   307 | D:1      | Reached XP level 2. HP: 19/19 MP: 4/7
   323 | D:1      | HP: 1/20 [frilled lizard (1)]
   325 | D:1      | Slain by a giant cockroach

Illustrated notes

Levels and vault maps discovered:
D:1:      dpeg_arrival_boxorama, layout_basic

Skill      XL: |  1 |
---------------+----+-----
Transmutations | 2 |  2.0
Fighting       | |  0.3
Short Blades   | |  0.3
Long Blades    | |  0.3
Axes           | |  0.3
Maces & Flails | |  0.3
Polearms       | |  0.3
Staves         | |  0.3
Ranged Weapons | |  0.3
Throwing       | |  0.3
Armour         | |  0.3
Dodging        | |  4.4
Stealth        | |  4.0
Shields        | |  0.3
Unarmed Combat | |  0.3
Spellcasting   | |  4.9
Conjurations   | |  0.2
Hexes          | |  0.2
Summonings     | |  0.2
Necromancy     | |  0.2
Translocations | |  0.2
Fire Magic     | |  0.2
Ice Magic      | |  0.2
Air Magic      | |  0.2
Earth Magic    | |  0.2
Poison Magic   | |  5.3
Invocations    | |  0.4
Evocations     | |  0.3

Action                   || total
-------------------------++-------
Melee: Unarmed           ||    14
       Bite              ||     2
       Punch             ||     1
 Cast: Sting             ||    14
Armor: Robe              ||     9
Dodge: Dodged            ||    45

Table legend: (Time is in decaauts)
 A = Elapsed time spent in this place.
 B = Non-inter-level travel time spent in this place.
 C = Inter-level travel time spent in this place.
 D = Time resting spent in this place.
 E = Time spent auto-exploring this place.
 F = Levels seen in this place.
 G = Mean time per level.
                   A        B        C        D        E       F      G
               +--------+--------+--------+--------+--------+-----+--------+
         Total |    325 |    325 |      0 |      0 |    259 |   1 |  325.0 |
       Dungeon |    325 |    325 |      0 |      0 |    259 |   1 |  325.0 |
               +--------+--------+--------+--------+--------+-----+--------+

Top non-repeatable levels by time:
     D:1: 325 daAuts
